 Dungeon Crawl Stone Soup version 0.17.0-24-gcfadda4 (webtiles) character file.

25 Medar the Cudgeler (level 3, 0/27 HPs)
             Began as a Vine Stalker Skald on Nov 17, 2015.
             Slain by a worker ant (1 damage)
             ... on level 4 of the Dungeon.
             The game lasted 00:02:43 (803 turns).

Medar the Cudgeler (Vine Stalker Skald)              Turns: 803, Time: 00:02:44

Health: 0/27       AC: 21    Str: 14    XL:     3   Next: 4%
Magic:  0/7        EV:  2    Int: 13    God:
Gold:   20         SH:  0    Dex: 13    Spells: 3 memorised, 1 level left

rFire  . . .     SeeInvis .     a - +0 mace
rCold  . . .     Clarity  .     (armour currently unavailable)
rNeg   + + +     SustAt   .     (no shield)
rPois  +         Gourm    .     (helmet currently unavailable)
rElec  .         Spirit   +     (cloak currently unavailable)
rCorr  .         Warding  .     (gloves currently unavailable)
rMut   .         NoTele   +     (boots currently unavailable)
MR     .....                    (no amulet)
Stlth  +.........               (no ring)
                                (no ring)

@: lethally poisoned (0 -> -1), tree-form, not resistant to hostile
enchantments, very unstealthy
A: (fangs 0), regeneration 1, magic shield, (antimagic bite), no device heal 3,
rot immunity
a: no special abilities


You were on level 4 of the Dungeon.
You were not hungry.
You were a tree.
You visited 1 branch of the dungeon, and saw 3 of its levels.

You collected 20 gold pieces.

Inventory:

Hand Weapons
 a - a +0 mace (weapon)
Armour
 b - a +0 leather armour (melded)
 j - a +0 pair of boots (melded)
Scrolls
 e - 3 scrolls of identify {@r2}
 k - a scroll of remove curse {@r1}
Potions
 i - a potion of lignification
Books
 c - a book of Battle

   Spells                             Type                      Level
   a - Infusion                       Charms                       1
   b - Shroud of Golubria             Charms/Translocation         2
   c - Song of Slaying                Charms                       2
   d - Spectral Weapon                Hexes/Charms                 3
   e - Regeneration                   Charms/Necromancy            3
Comestibles
 d - 2 bread rations {@e1}
 f - a meat ration {@e2}
 g - 6 chunks of flesh


   Skills:
 - Level 1.7 Fighting
 + Level 3.1 Maces & Flails
 - Level 0.7 Armour
 - Level 0.7 Dodging
 - Level 2.1 Spellcasting
 - Level 3.0 Charms


You had one spell level left.
You knew the following spells:

 Your Spells              Type           Power        Failure   Level  Hunger
d - Song of Slaying       Chrm           #.......     12%         2    ###....
s - Infusion              Chrm           #.....       10%         1    ##.....
t - Shroud of Golubria    Chrm/Tloc      #.........   21%         2    ###....


Dungeon Overview and Level Annotations

Branches:
Dungeon (4/15)
 Temple: D:4-7

Altars:

Annotations:
D:4 oplop's ghost, novice OpTm


Innate Abilities, Weirdness & Mutations

((You have extremely sharp teeth.))
Your natural rate of healing is unusually fast.
When hurt, damage is shared between your health and your magic reserves.
((Your bite disrupts and absorbs the magic of your enemies.))
Potions and wands cannot restore your health.
You are immune to rotting.


Message History

Unknown command.
You barely miss the worker ant.
The worker ant is heavily wounded.
The worker ant bites you but does no damage.
You hit the worker ant.
The worker ant is severely wounded.
You are no longer magically infusing your attacks.
The worker ant bites you but does no damage. x2
Your magical contamination has completely faded away.
You closely miss the worker ant.
The worker ant is severely wounded.
The worker ant bites you.
* * * LOW HITPOINT WARNING * * *
You are lethally poisoned!
The worker ant poisons you!
You closely miss the worker ant.
The worker ant is severely wounded.
* * * LOW HITPOINT WARNING * * *
You feel sick. The worker ant bites you.
You die...

####.........#
..[...##.##..#
#.........#
#.........#
#..#########...###...#
#.....†........# #...#
....#####....W..#
#a#.# .
#.###a#.....#.# #.#
#♣#.##..#.# .#######.#
#.#.# ..# #
.........###........
.######...##.###
##.....# ##.##.#
#.##..# #.##.## #.#


You could see a worker ant and oplop's ghost.

Vanquished Creatures
  An ooze (D:1)
  A giant gecko (D:1)
  3 bats (D:1)
  4 goblins (D:1)
  A hobgoblin (D:1)
  4 jackals (D:4)
  A giant cockroach (D:1)
  2 kobolds (D:1)
  2 rats (D:1)
19 creatures vanquished.

Notes
Turn   | Place    | Note
--------------------------------------------------------------
     0 | D:1      | Medar the Vine Stalker Skald began the quest for the Orb.
     0 | D:1      | Reached XP level 1. HP: 11/11 MP: 4/4
   203 | D:1      | Reached XP level 2. HP: 13/15 MP: 0/6
   730 | D:2      | You fall through a shaft for 2 floors!
   746 | D:4      | Reached XP level 3. HP: 18/18 MP: 5/7
   754 | D:4      | Learned a level 2 spell: Shroud of Golubria
   757 | D:4      | Learned a level 2 spell: Song of Slaying
   793 | D:4      | HP: 1/27 [worker ant (1)]
   797 | D:4      | Noticed oplop's ghost (novice OpTm)
   799 | D:4      | HP: 1/27 [worker ant (2)]
   803 | D:4      | Slain by a worker ant

Action                   || total
-------------------------++-------
Melee: Mace              ||    66
 Cast: Infusion          ||    13
       Shroud of Golubri ||     1
  Use: Potion            ||     2
       Scroll            ||     1
